AoeStats
← ImHere4U

Arena

509812607Analyzed
1v1 RM · 5d ago on Sep 28, 2026· 39m 4s· 2 players
Game mode
Random Map
Map size
Tiny (2 player)
Population
200
Speed
Normal
Resources
Standard
Victory
Conquest
Starting age
Dark Age
Ending age
Imperial Age
RankedLock teamsTeams togetherTeam positionsShared explorationLock speedFull tech treeHidden civsTurbo modeCheats
Victory
Defeat
🇨🇱 Spanish · Chile
858
+14
🇺🇸 Britons · United States
810
-34
He-He tler
12:40 Feudal Age
16:59 Castle Age
15:45 Double-Bit Axe
17:21 Horse Collar
17:34 Loom
20:22 Padded Archer Armor
21:19 Leather Archer Armor
23:15 Gold Mining
24:38 Husbandry
25:56 Fervor
26:07 Sanctity
30:04 Scale Barding Armor
37:11 Imperial Age
35:19 Wheelbarrow
37:28 Bloodlines
38:16 Chain Barding Armor
38:06 Forging
38:27 Ring Archer Armor
38:25 Conscription
ImHere4U
10:36 Feudal Age
11:27 Double-Bit Axe
11:25 Horse Collar
12:44 Wheelbarrow
19:01 Gold Mining
18:47 Man-at-Arms
22:09 Castle Age
20:14 Padded Archer Armor
20:04 Fletching
20:47 Loom
20:53 Town Watch
22:03 Fletching
23:42 Forging
24:05 Bodkin Arrow
23:38 Crossbowman
24:23 Squires
25:04 Bow Saw
25:08 Gambesons
27:06 Heavy Plow
27:23 Stone Mining
28:12 Gold Shaft Mining
27:40 Elite Skirmisher
28:10 Pikeman
35:00 Scale Mail Armor
35:06 Scale Barding Armor
35:37 Iron Casting
37:17 Husbandry
Connection lost

Rejoining the realm…

Still unreachable

The connection could not be restored.

Session expired

The server has moved on; the page needs a fresh start.